 Dungeon Crawl Stone Soup version 0.31-a0-1620-gcbf77bbcfc (webtiles) character file.

Game seed: 1816593050075187130

11909 GordonOverkill the Destroyer (level 11, -4/56 HPs)
             Began as a Spriggan Delver on Jan 10, 2024.
             Was a Follower of Ashenzari.
             Slain by a polar bear (5 damage)
             ... in an ice cave on Jan 11, 2024.
             The game lasted 00:36:26 (15462 turns).

GordonOverkill the Destroyer (Spriggan Delver)     Turns: 15462, Time: 00:36:27

Health: -4/56      AC:  9    Str: 10    XL:     11   Next: 55%
Magic:  15/26      EV: 20    Int: 22    God:    Ashenzari [*.....]
Gold:   1522       SH:  0    Dex: 16    Spells: 18/30 levels left

rFire   + . .        I - +2 rapier (venom)
rCold   + + .        (no shield)
rNeg    . . .        c - +1 robe {rC+}
rPois   +            (helmet restricted)
rElec   .            L - +1 cloak of Intuition {rPois Str+2}
rCorr   .            (gloves unavailable)
SInv    +            (boots unavailable)
Will    +....        l - amulet "Clairvoyant Idealism" {Faith rF+ Int+5 Stlth-, Comp, Sorc} (curse)
Stlth   +++          j - ring of protection from cold
HPRegen 0.29/turn    u - ring "Share My Unpleasantness" {AC+4, Self, Sorc} (curse)
MPRegen 0.20/turn

%: faith
@: very quick
A: very small, no large weapons, unfitting armour, see invisible, speed 3
a: Renounce Religion, Curse Item, Shatter the Chains


You were in an ice cave.
You worshipped Ashenzari.
Ashenzari was aware of your devotion.
You visited 1 branch of the dungeon, and saw 11 of its levels.
You also visited: Bailey and Ice Cave.

You collected 2313 gold pieces.
You spent 791 gold pieces at shops.

Inventory:

Hand Weapons
 b - a +1 dagger of holy wrath
 I - a +2 rapier of venom (weapon)
Missiles
 m - 24 boomerangs
 n - 46 poisoned darts (quivered)
 Q - 12 curare-tipped darts
Armour
 c - a +1 robe of cold resistance (worn)
 i - a +0 buckler
 L - the +1 cloak of Intuition (worn) {rPois Str+2}
   (You bought it in a shop on level 5 of the Dungeon)

   Str+2:     It affects your strength (+2).
   rPois:     It protects you from poison
 S - +3 steam dragon scales
Magical Staves
 r - a staff of cold
Jewellery
 e - an amulet of regeneration
 j - a ring of protection from cold (left hand)
 k - a ring of magical power
 l - the cursed amulet "Clairvoyant Idealism" (around neck) {Faith rF+ Int+5 Stlth-, Comp, Sorc}
   (You found it on level 4 of the Dungeon)

   [amulet of faith]

   Faith:     It allows you to gain divine favour quickly.
   Int+5:     It affects your intelligence (+5).
   rF+:       It protects you from fire.
   Stlth-:    It makes you less stealthy.
   It has a curse which improves the following skills: Companions: Summonings
   and Necromancy.
   Sorcery:   Conjurations and Alchemy.
 u - the cursed ring "Share My Unpleasantness" (right hand) {AC+4, Self, Sorc}
   (You found it on level 4 of the Dungeon)

   [ring of protection]

   AC+4:      It affects your AC (+4).
   It has a curse which improves the following skills: Introspection: Fighting
   and Spellcasting.
   Sorcery:   Conjurations and Alchemy.
 B - a ring of magical power
 N - a ring of positive energy
Wands
 a - a wand of iceblast (2)
 g - a wand of digging (8)
 P - a wand of charming (19)
 R - a wand of flame (8)
Scrolls
 d - 2 scrolls of revelation
 h - 6 scrolls of fear
 s - 2 scrolls of vulnerability
 t - a scroll of amnesia
 v - 6 scrolls of teleportation
 x - a scroll of fog
 y - a scroll of immolation
 E - 2 scrolls of brand weapon
 M - 5 scrolls of blinking
 O - 2 scrolls of summoning
Potions
 f - 3 potions of haste
 o - 2 potions of enlightenment
 p - 7 potions of curing
 q - a potion of brilliance
 w - a potion of might
 z - a potion of lignification
 A - a potion of mutation
 D - a potion of ambrosia
 F - 2 potions of magic


   Skills:
 - Level 5.2(6.0) Fighting
 - Level 6.0 Short Blades
 - Level 6.0 Dodging
 - Level 7.2 Stealth
 - Level 9.3(10.1) Spellcasting
 + Level 10.8(11.9) Conjurations
 - Level 5.0 Evocations


You had 18 spell levels left.
You knew the following spells:

 Your Spells              Type           Power      Damage    Failure   Level
a - Orb of Destruction    Conj           29%        9d9       36%         7
b - Fireball              Conj/Fire      18%        3d9       14%         5

Your spell library contained the following spells:

 Spells                   Type           Power      Damage    Failure   Level
 Iskenderun's Battlesphe  Conj           59%        2d11      1%          5
 Brom's Barrelling Bould  Conj/Erth      37%        2d6       4%          4
 Necrotise                Necr           44%        1d6       6%          1
 Vampiric Draining        Necr           11%        2d6       17%         3
 Martyr's Knell           Necr/Summ      11%        N/A       50%         4
 Conjure Ball Lightning   Conj/Air       18%        3x3d6     61%         6
 Curse of Agony           Necr           11%        N/A       85%         5


Dungeon Overview and Level Annotations

Branches:
Dungeon (11/15)            Temple (0/1) D:4            Lair (0/5) D:11
    Orc (0/2) D:10         Bailey (visited)           IceCv (1/1)

Altars:
Ashenzari
Dithmenos
Elyvilon
Fedhas
Makhleb
Okawaru
Qazlal
Ru
Uskayaw
Vehumet

Shops:
D:5 *   D:10 ?


Innate Abilities, Weirdness & Mutations

You are very small and have problems with some larger weapons.
You are too small for most types of armour.
You have supernaturally acute eyesight. (SInv)
You cover ground extremely quickly. (Speed+++)


Message History

The polar bear is moderately wounded.
The polar bear completely misses you. x3
You hit the polar bear.
The polar bear is moderately wounded.
The polar bear barely misses you. x2; The polar bear claws you.
You hit the polar bear.
The polar bear looks as sick as possible!
The polar bear is heavily wounded.
The polar bear misses you. The polar bear barely misses you.
The polar bear misses you.
You hit the polar bear but do no damage.
The polar bear is heavily wounded.
The polar bear goes berserk!
You barely miss the polar bear.
The polar bear is severely wounded.
The polar bear completely misses you.
The polar bear claws you but does no damage.
The polar bear misses you.
You hit the polar bear.
The polar bear looks as sick as possible!
The polar bear is severely wounded.
The polar bear bites you!!
* * * LOW HITPOINT WARNING * * *
The polar bear completely misses you.
The polar bear claws you but does no damage.
You hit the polar bear but do no damage.
The polar bear looks as sick as possible!
The polar bear is severely wounded.
The polar bear completely misses you. The polar bear misses you.
The polar bear completely misses you. The polar bear bites you!!
* * * LOW HITPOINT WARNING * * *
The polar bear barely misses you. The polar bear claws you.
* * * LOW HITPOINT WARNING * * *
You closely miss the polar bear.
The polar bear is severely wounded.
The polar bear bites you!
* * * LOW HITPOINT WARNING * * *
The polar bear claws you but does no damage.
The polar bear claws you.
You die...

##.. #...
#..##
#...#
#.†##
##..##
#.#..##
..#..h†#
#$#.##.@##
#[ $##..##
# ###..##
##.##
##..#
#...##
##...#
#...##
#...#


You could see a polar bear (berserk, extremely poisoned).

Vanquished Creatures
  Fannar (D:10)
  Maggie (D:8)
  A polar bear (IceCv)
  2 trolls
  A hornet (D:10)
  Sigmund (D:2)
  2 wyverns (D:8)
  4 fire bats
  15 yaks
  5 steam dragons
  A fire elemental (D:9)
  4 water moccasins
  10 orc warriors
  2 ice beasts
  3 black bears
  2 sky beasts
  4 ogres
  2 wolves (IceCv)
  4 centaurs
  A phantom (D:5)
  10 kobold brigands
  4 bullfrogs
  4 scorpions
  2 two-headed ogre simulacra (D:11)
  7 wights
  3 killer bees (D:10)
  2 howler monkeys (D:9)
  A bombardier beetle (D:7)
  6 orc priests
  3 hounds
  5 jellies
  4 iguanas
  2 sleepcaps
  13 orc wizards
  2 troll simulacra (D:11)
  A spriggan simulacrum (D:11)
  Robin (D:4)
  10 gnolls
  6 adders
  2 shadow imps
  A ribbon worm (D:3)
  2 dart slugs (D:1)
  35 orcs
  6 endoplasms
  A giant cockroach (D:3)
  16 goblins
  15 hobgoblins
  3 jackals (D:1)
  30 kobolds
  2 quokkas (D:3)
  6 ball pythons
  7 bats
  6 frilled lizards
  6 rats
290 creatures vanquished.

Vanquished Creatures (others)
  A howler monkey (D:9)
  A shadow imp (D:8)
  4 orcs
  2 kobolds (D:9)
8 creatures vanquished.

Grand Total: 298 creatures vanquished

Notes
Turn   | Place    | Note
-------+----------+-------------------------------------------
     0 | D:5      | GordonOverkill the Spriggan Delver began the quest for the
                  | Orb.
     0 | D:5      | Reached XP level 1. HP: 11/11 MP: 2/2
    24 | D:5      | Noticed an iguana
    24 | D:5      | Noticed a phantom
    44 | D:6      | Noticed an orc wizard
    56 | D:6      | Found a broken altar of Ashenzari.
    62 | D:6      | Became a worshipper of Ashenzari the Shackled
    85 | D:6      | Noticed a yak
    85 | D:6      | Noticed a yak
    85 | D:6      | Noticed a yak
    86 | D:6      | Found a radiant altar of Vehumet.
   110 | D:6      | Noticed a steam dragon
   116 | D:6      | Noticed a hound
   119 | D:6      | Killed a hound
   120 | D:6      | Reached XP level 2. HP: 16/16 MP: 3/3
   137 | D:6      | Noticed a scorpion
   140 | D:6      | Noticed a sky beast
   180 | D:6      | Noticed an ice beast
   245 | D:6      | Noticed a bullfrog
   268 | D:5      | Reached XP level 3. HP: 19/19 MP: 4/4
   399 | D:5      | Reached skill level 5 in Evocations
   399 | D:5      | Reached XP level 4. HP: 23/23 MP: 5/5
   486 | D:4      | Identified the amulet of Kolylath {Faith rF+ Int+5 Stlth-}
   680 | D:3      | Reached XP level 5. HP: 27/28 MP: 6/6
   688 | D:4      | Reached skill level 1 in Spellcasting
   838 | D:6      | Killed a sky beast
   839 | D:6      | Reached XP level 6. HP: 4/32 MP: 10/13
  1202 | D:5      | Reached skill level 5 in Spellcasting
  1282 | D:5      | Found Fusut's Assorted Antiques.
  1403 | D:5      | Reached skill level 1 in Conjurations
  1578 | D:5      | Reached skill level 2 in Conjurations
  1603 | D:4      | Identified the +4 mace "Valonn" {holy, rPois Stlth+}
  1905 | D:4      | Found a stormy altar of Qazlal.
  1973 | D:4      | Found a staircase to the Ecumenical Temple.
  2039 | D:4      | Noticed Robin
  2042 | D:4      | Noticed an ice beast
  2075 | D:4      | Reached * piety under Ashenzari
  2135 | D:3      | Reached XP level 7. HP: 19/37 MP: 16/16
  2338 | D:3      | Found a hide-covered altar of Uskayaw.
  2964 | D:3      | Identified a scroll of acquirement
  3471 | D:2      | Noticed Sigmund
  3494 | D:2      | Killed Sigmund
  3495 | D:2      | Reached skill level 3 in Conjurations
  3592 | D:2      | Found a burning altar of Makhleb.
  3782 | D:3      | Acquired 1112 gold pieces
  4562 | D:1      | Found a faded altar of an unknown god.
  4929 | D:4      | Killed Robin
  5247 | D:5      | Reached XP level 8. HP: 42/42 MP: 18/18
  5408 | D:5      | Reached skill level 5 in Short Blades
  5990 | D:5      | Bought an encrusted cloak for 266 gold pieces
  5990 | D:5      | Identified the +1 cloak of Intuition {rPois Str+2} (You
                  | bought it in a shop on level 5 of the Dungeon)
  6163 | D:6      | Reached skill level 5 in Dodging
  6343 | D:6      | Reached skill level 4 in Conjurations
  6509 | D:6      | Reached skill level 5 in Conjurations
  6614 | D:6      | Reached XP level 9. HP: 10/45 MP: 19/19
  6770 | D:6      | Reached skill level 6 in Conjurations
  7337 | D:7      | Reached skill level 7 in Conjurations
  7453 | D:7      | Found a sacrificial altar of Ru.
  7453 | D:7      | Found a shadowy altar of Dithmenos.
  7453 | D:7      | Found a burning altar of Makhleb.
  7453 | D:7      | Found an iron altar of Okawaru.
  7527 | D:7      | Found a flagged portal.
  7536 | Bailey   | Entered a bailey
  7612 | Bailey   | HP: 1/45 [kobold brigand/+0 war axe (10)]
  7918 | Bailey   | Reached skill level 8 in Conjurations
  8040 | Bailey   | HP: 1/45 [orc warrior/+0 war axe (15)]
  8217 | Bailey   | Found a bloodstained altar of Trog.
  8565 | D:7      | Reached XP level 10. HP: 49/49 MP: 20/20
  9506 | D:8      | Noticed Maggie
  9533 | D:8      | Killed Maggie
 11519 | D:9      | Reached skill level 5 in Fighting
 12206 | D:10     | Entered Level 10 of the Dungeon
 12217 | D:10     | Found a blossoming altar of Fedhas.
 12229 | D:10     | Noticed Fannar
 12272 | D:10     | HP: 1/53 [Fannar/staff of cold (3)]
 12477 | D:10     | Killed Fannar
 12478 | D:10     | Reached skill level 9 in Conjurations
 12478 | D:10     | Reached XP level 11. HP: 36/56 MP: 26/26
 12628 | D:10     | Found a staircase to the Orcish Mines.
 13528 | D:10     | Found a white marble altar of Elyvilon.
 13635 | D:10     | Learned a level 7 spell: Orb of Destruction
 13753 | D:10     | Found Defaw's Magic Scroll Boutique.
 13832 | D:10     | Paralysed by a hornet for 3 turns
 14000 | D:10     | Identified the +2 helmet of the New World {Str+4 Dex+3}
 14267 | D:9      | Reached skill level 10 in Conjurations
 14685 | D:10     | Bought a scroll of enchant weapon for 105 gold pieces
 14685 | D:10     | Bought a scroll of enchant weapon for 105 gold pieces
 14685 | D:10     | Bought a scroll of blinking for 105 gold pieces
 14685 | D:10     | Bought a scroll of teleportation for 42 gold pieces
 14685 | D:10     | Bought a scroll of fear for 56 gold pieces
 14685 | D:10     | Bought a scroll of fear for 56 gold pieces
 14685 | D:10     | Bought a scroll of fog for 56 gold pieces
 15063 | D:11     | Found a staircase to the Lair.
 15076 | D:11     | Found a frozen archway.
 15268 | D:11     | Learned a level 5 spell: Fireball
 15296 | IceCv    | Entered an ice cave
 15462 | IceCv    | HP: 1/56 [polar bear (9)]
 15462 | IceCv    | Slain by a polar bear

Illustrated notes

Levels and vault maps discovered:
D:1:      ncdulo_watergridlock, layout_rooms,
          shapermc_ecumenical_altar_hornbeckon
D:2:      layout_basic, basic_altar, guppyfry_early_orc_mine, uniq_sigmund
D:3:      layout_basic, mainiacjoe_overflow_tiny_flanked,
          chequers_hall_statues_y
D:4:      layout_cave_pods, nicolae_qazlal_scattered_showers,
          lemuel_temple_firewalk_b, nicolae_grassy_gnolls, uniq_robin
D:5:      layout_gridville, serial_shops, shop, uniq_prince_ribbit1
D:6:      layout_basic, nicolae_overflow_crystal_walls, kennysheep_little_box
D:7:      layout_loops_ring, mainiacjoe_overflow_alcove_3, enter_bailey_2
D:8:      layout_loops_ring, uniq_maggie
D:9:      layout_cave_pods
D:10:     layout_cave_pods, fedhas_ov_isle_minmay, elyvilon_altar_1,
          kennysheep_orc_monster_closet_entryway, nicolae_inconvenience_store,
          hangedman_incinerator, uniq_fannar
D:11:     layout_layer_cave, due_lair_maze_entry_diamond,
          portal_ice_cave_entry_ice_simulacra
IceCv:    ice_cave_caverns_02

Skill      XL: |  1  2  3  4  5  6  7  8  9 10 11 |
---------------+----------------------------------+-----
Evocations     | 3 4 5 |  5.0
Fighting       | 3 5 |  5.2
Short Blades   | 3 4 5 6 |  6.0
Spellcasting   | 4 5 9 |  9.3
Conjurations   | 2 3 5 8 9 10 | 10.8
Dodging        | 6 |  6.0
Stealth        | |  7.2

Action                     |  1- 3 |  4- 6 |  7- 9 | 10-12 || total
---------------------------+-------+-------+-------+-------++-------
  Melee: Rapier            |     2 |   122 |   472 |   655 ||  1251
         Punch             |       |     1 |     6 |    10 ||    17
         Short sword       |       |       |    71 |       ||    71
         Mace              |       |       |       |    49 ||    49
  Throw: Boomerang         |       |    14 |    16 |     2 ||    32
         Dart              |       |       |    28 |    40 ||    68
   Cast: Fireball          |       |       |       |     6 ||     6
 Invoke: Curse Item        |       |     2 |       |       ||     2
  Evoke: Wand              |     3 |     2 |       |     5 ||    10
    Use: Scroll            |       |       |     3 |     7 ||    10
         Potion            |       |       |     2 |     5 ||     7
   Stab: Sleeping          |     1 |     5 |    11 |     1 ||    18
         Distracted        |       |       |     4 |       ||     4
         Invisible         |       |       |       |     2 ||     2
 Armour: Robe              |     7 |    56 |   196 |    78 ||   337
         Steam dragon scal |       |       |       |   278 ||   278
  Dodge: Dodged            |    16 |    96 |   379 |   747 ||  1238

Table legend: (Time is in decaauts)
 A = Elapsed time spent in this place.
 B = Non-inter-level travel time spent in this place.
 C = Inter-level travel time spent in this place.
 D = Time resting spent in this place.
 E = Time spent auto-exploring this place.
 F = Levels seen in this place.
 G = Mean time per level.
                   A        B        C        D        E       F      G
               +--------+--------+--------+--------+--------+-----+--------+
         Total |  12157 |  11711 |    446 |   4514 |   3925 |  13 |  935.2 |
       Dungeon |  11374 |  10928 |    446 |   4085 |   3833 |  11 | 1034.0 |
        Bailey |    633 |    633 |      0 |    348 |     84 |   1 |  633.0 |
      Ice Cave |    149 |    149 |      0 |     80 |      7 |   1 |  149.0 |
               +--------+--------+--------+--------+--------+-----+--------+

Top non-repeatable levels by time:
     D:9: 1880 daAuts
    D:10: 1438 daAuts
     D:5: 1386 daAuts
     D:7: 1229 daAuts
     D:8: 1214 daAuts
     D:6: 1050 daAuts
     D:3: 1016 daAuts
     D:4: 1010 daAuts
  Bailey: 633 daAuts
     D:2: 528 daAuts
     D:1: 338 daAuts
    D:11: 280 daAuts
   IceCv: 149 daAuts
